 Dungeon Sprint DCSS version 0.24-a0-244-ga6a6ab7 (webtiles) character file.

Game seed: 16835437233111963661

25 MikeHunt the Charlatan (level 2, -3/23 HPs)
             Began as a Draconian Artificer on Apr 10, 2019.
             Killed themself with a badly aimed iceblast (14 damage)
             ... in the Dungeon (Sprint I: "Red Sonja").
             The game lasted 00:00:23 (15 turns).

MikeHunt the Charlatan (Draconian Artificer)          Turns: 15, Time: 00:00:24

Health: -3/23      AC:  4    Str: 14    XL:     2   Next: 82%
Magic:  3/5        EV: 12    Int: 11    God:
Gold:   0          SH:  0    Dex: 11    Spells: 1/1 levels left

rFire    . . .     SeeInvis .   a - +0 short sword
rCold    . . .     Gourm    .   (no shield)
rNeg     . . .     Faith    .   (armour unavailable)
rPois    .         Spirit   .   (helmet restricted)
rElec    .         Reflect  .   (no cloak)
rCorr    .         Harm     .   (no gloves)
MR       .....     NoTele   +   (no boots)
Stlth    +.........             (no amulet)
HPRegen  0.07/turn              (no ring)
MPRegen  0.09/turn              (no ring)

@: no status effects
A: unfitting armour, cold-blooded, AC +4
a: no special abilities


You were in the Dungeon.
You were not hungry.

You visited 1 branch

Inventory:

Hand Weapons
 a - a +0 short sword (weapon)
Wands
 b - a wand of flame (15)
 c - a wand of enslavement (15)
 d - a wand of random effects (11)
Scrolls
 k - a scroll of blinking
Potions
 e - a potion of curing
 g - a potion of heal wounds
 h - a potion of haste
 i - 2 potions of magic
 j - a potion of berserk rage
Comestibles
 f - a ration


   Skills:
 - Level 1.1 Fighting
 - Level 1.0 Short Blades
 - Level 1.7 Dodging
 - Level 0.8 Stealth
 + Level 3.8 Unarmed Combat
 + Level 5.0 Evocations


You had one spell level left.
You didn't know any spells.
Your spell library was empty.

Dungeon Overview and Level Annotations

Branches:
Dungeon (1/1)

Altars:


Innate Abilities, Weirdness & Mutations

Your plain brown scales are hard. (AC +4)
You cannot fit into any form of body armour.
You are cold-blooded and may be slowed by cold attacks.


Message History

Ijyb hits you with a +1 vampiric dagger.
Ijyb hits you but does no damage.
Evoke which item? (* to show all) (? for menu, Esc to quit)
Aiming: Random Effects
Press: ? - help, Shift-Dir - straight line, f/p - Ijyb
Aim: Ijyb, wielding a +1 vampiric dagger and wearing a +2 scale mail of poison resistance (severely wounded, fast) Ijyb flickers and vanishes!
Deactivating autopickup; reactivate with Ctrl-A.
Something hits you but does no damage.
Evoke which item? (* to show all) (? for menu, Esc to quit)
Aiming: Random Effects
Press: ? - help, Shift-Dir - straight line The mass of ice explodes!
The iceblast engulfs something!
Reactivating autopickup.
Your Unarmed Combat skill gained 3 levels and is now at level 3!
Your Evocations skill gained 2 levels and is now at level 5!
You have reached level 2!
You feel a bit more experienced. The iceblast engulfs you!
Ouch! That really hurt!
You die...

#### ##
#<.#..+
#.@)..#
#..####
#..#
#..#
#..#
#⌠⌠#
####


There were no monsters in sight!

Vanquished Creatures
  Ijyb (D)
1 creature vanquished.

Notes
Turn   | Place    | Note
-------+----------+-------------------------------------------
     0 | D        | MikeHunt the Draconian Artificer began the quest for the
                  | Orb.
     0 | D        | Reached XP level 1. HP: 16/16 MP: 3/3
     1 | D        | Noticed Ijyb
    15 | D        | Killed Ijyb
    15 | D        | Reached skill level 5 in Evocations
    15 | D        | Reached XP level 2. HP: 11/23 MP: 3/5
    15 | D        | Killed themself with a badly aimed iceblast

Levels and vault maps discovered:
D:        dungeon_sprint_1 [red_sonja_temple_1, red_sonja_temple_small_1]

Skill      XL: |  1 |
---------------+----+-----
Unarmed Combat | 3 |  3.8
Evocations     | 5 |  5.0
Fighting       | |  1.1
Short Blades   | |  1.0
Dodging        | |  1.7
Stealth        | |  0.8

Action                   || total
-------------------------++-------
Melee: Short sword       ||     9
       Tailslap          ||     3
Evoke: Wand              ||     4
Armor: Skin              ||     7

Table legend:
 A = Non-vault XP
 B = Vault XP
 C = Vault XP percentage of total XP
 D = Non-vault monster count
 E = Vault monster count
 F = Vault count percentage of total count
                 A         B        C        D         E       F
            +---------+---------+-------+---------+---------+-------
      Total |       0 |      36 | 100.0 |       0 |       1 | 100.0
            +---------+---------+-------+---------+---------+-------
          D |       0 |      36 | 100.0 |       0 |       1 | 100.0
            +---------+---------+-------+---------+---------+-------
